 Dungeon Crawl Stone Soup version 0.19-a0-1091-g463c9de (webtiles) character file.

98 4thArraOfDagon the Chopper (level 4, -9/61 HPs)
             Began as a Minotaur Berserker on Aug 7, 2016.
             Was a Believer of Trog.
             Mangled by an orc warrior
             ... wielding a +0 trident
              (18 damage)
             ... on level 7 of the Dungeon.
             The game lasted 00:02:00 (339 turns).

4thArraOfDagon the Chopper (Minotaur Berserker)      Turns: 339, Time: 00:02:01

Health: -9/61      AC:  2    Str: 27    XL:     4   Next: 44%
Magic:  3/3        EV: 12    Int:  5    God:    Trog [**....]
Gold:   49         SH:  0    Dex:  9    Spells: 0 memorised, 3 levels left

rFire  . . .     SeeInvis .     j - +0 war axe
rCold  . . .     Gourm    .     b - +0 animal skin
rNeg   . . .     Faith    .     (no shield)
rPois  .         Spirit   .     (helmet restricted)
rElec  .         Dismiss  .     (no cloak)
rCorr  .         Reflect  .     (no gloves)
SustAt .         Harm     .     (no boots)
MR     .....                    (no amulet)
Stlth  ..........               (no ring)
                                (no ring)

@: berserking, very quick
A: retaliatory headbutt, horns 2
a: Berserk, Trog's Hand, Burn Spellbooks, Renounce Religion


You were on level 7 of the Dungeon.
You worshipped Trog.
Trog was pleased with you.
You were hungry.

You visited 1 branch of the dungeon, and saw 7 of its levels.

You collected 49 gold pieces.

Inventory:

Hand Weapons
 a - a +0 hand axe
 j - a +0 war axe (weapon)
Armour
 b - a +0 animal skin (worn)
Wands
 i - a wand of random effects (29/48)
Scrolls
 d - a scroll of amnesia {unknown}
 g - a scroll of random uselessness {unknown}
Potions
 e - a potion of curing {unknown}
 h - 2 potions of agility {unknown}
Comestibles
 c - 3 bread rations
 f - a meat ration
 k - a chunk of flesh


   Skills:
 + Level 4.5 Fighting
 * Level 5.0 Axes
 + Level 3.5 Armour
 - Level 2.1 Dodging


You had 3 spell levels left.
You didn't know any spells.

Dungeon Overview and Level Annotations

Branches:
Dungeon (7/15)
 Temple: D:4-7

Altars:
Kikubaaqudgha


Innate Abilities, Weirdness & Mutations

You reflexively headbutt those who attack you in melee.
You have a pair of horns on your head.


Message History

The arrow hits you!
* * * LOW HITPOINT WARNING * * *
The quokka barely misses you. You furiously retaliate!
You headbutt the quokka!!
You kill the quokka!
Trog accepts your kill.
Unknown command.
You barely miss the orc warrior.
The orc warrior is severely wounded.
You slash the crimson imp! You slash the orc!
You kill the orc!
Trog accepts your kill.
The centaur shoots an arrow.
The arrow hits you.
* * * LOW HITPOINT WARNING * * *
The orc warrior closely misses you.
The crimson imp blinks!
Unknown command.
Unknown command.
The crimson imp blinks!
The orc warrior hits you with a trident!!
You die...

.............
............
......(... #.......
#...5..##### #
#......#...#
.##.#...ยง).#.#.# #
.......#(....#.#.#..
.......@o.<(........
$.........c....#....
.......#............
.......#............
....................
.......###..........
####... #..........
#... #.........# ...
#.........#


You could see an orc warrior, a centaur and a crimson imp.

Vanquished Creatures
  A scorpion (D:6)
  A gnoll (D:1)
  A shadow imp (D:5)
  An ooze (D:3)
  2 giant geckos
  3 orcs (D:7)
  3 giant cockroaches (D:2)
  4 goblins
  2 quokkas
  A ball python (D:1)
  2 bats (D:3)
  A giant newt (D:5)
  A kobold (D:2)
  A rat (D:1)
24 creatures vanquished.

Notes
Turn   | Place    | Note
-------+----------+-------------------------------------------
     0 | D:1      | 4thArraOfDagon the Minotaur Berserker began the quest for the Orb.
     0 | D:1      | Reached XP level 1. HP: 19/19 MP: 0/0
    46 | D:1      | Reached skill level 4 in Axes
    46 | D:1      | Reached XP level 2. HP: 27/27 MP: 1/1
   171 | D:3      | Reached XP level 3. HP: 29/33 MP: 2/2
   190 | D:3      | Found an ancient bone altar of Kikubaaqudgha.
   196 | D:3      | You fall through a shaft for 2 floors!
   196 | D:5      | Entered Level 5 of the Dungeon
   207 | D:5      | Reached ** piety under Trog
   255 | D:6      | Noticed a scorpion
   270 | D:6      | Killed a scorpion
   270 | D:6      | Reached skill level 5 in Axes
   270 | D:6      | Reached XP level 4. HP: 41/41 MP: 3/3
   324 | D:7      | Noticed an orc warrior
   329 | D:7      | Noticed a centaur
   339 | D:7      | Mangled by an orc warrior

Vault maps used:
D:1:      dpeg_arrival_simpleton_c, minmay_misc_feat_columns
D:2:      minmay_wonky_spiral, nicolae_gozag_cash_rules_everything_around_me,
          grunt_ministairs_14
D:3:      kiku_gazebo_pond_becter, portal_sewer_entry_d
D:4:      serial_shops, nicolae_shop_waterfront, bloody_trog, uniq_grinder
D:5:      serial_bayou, serial_bayou_pond_d, serial_bayou_shore_b,
          serial_bayou_lagoon_a, serial_bayou_pond_b, serial_shops,
          kennysheep_mini_moat, first_bread
D:6:      grunt_temple_overflow_forces_of_nature, old_standard_altar,
          grunt_temple_overflow_open

Skill      XL: |  1  2  3 |
---------------+----------+-----
Axes           | 4 5 |  5.0
Fighting       | 4 |  4.5
Armour         | 3 |  3.5
Dodging        | |  2.1

Action                   |  1- 3 |  4- 6 || total
-------------------------+-------+-------++-------
Melee: Hand axe          |    23 |       ||    23
       Headbutt          |     2 |       ||     2
       War axe           |     4 |     4 ||     8
Invok: Berserk           |     2 |     1 ||     3
 Stab: Sleeping          |     1 |       ||     1
Armor: Animal skin       |    21 |     1 ||    22
Dodge: Dodged            |    45 |    12 ||    57
